Cogmind - Beta 10.2 @@@ ROGUE MODE // 2021.06.25 @ 18:48:27 Player: Demise Result: Destroyed self with Improved Ion Engine chain reaction Performance ------------- Evolutions (1) 500 Regions Visited (6) 1200 Robots Destroyed (115) 575 Value Destroyed (1945) 1945 Prototype IDs (46) 920 Alien Tech Used (0) 0 Bonus (278) 278 TOTAL SCORE: 5418 Bonus ------- High Alert Combat Kills 41 Follower Combat Kills 7 Aligned with FarCom 300 Friendly Fire -70 Cogmind --------- Core Integrity 0/400 Matter 166/300 Energy 222/280 System Corruption 0% Temperature Cool (82) Movement Treading (220) Ox3 Location -8/Mines Parts ------- > --- POWER (1) -------- Cooled Ion Engine > --- PROPULSION (2) --- Light Treads Light Treads > --- UTILITY (4) ------ Large Storage Unit High-capacity Storage Unit High-capacity Storage Unit High-capacity Storage Unit > --- WEAPON (2) ------- EM Pulse Cannon Improved Assault Rifle > --- INVENTORY (34) --- Makeshift Power Source Improved Treads Combat Antigrav System Medium Storage Unit High-capacity Matter Pod (128) Gravity Neutralizing Apparatus 0b10 Alert Chip Advanced Core Analyzer Improved Armor Integrity Analyzer Advanced Weapon Cycler Advanced Transmission Jammer Improved Light Armor Plating Improved Light Armor Plating EX Chip 1 Hacking Suite Hacking Suite EX Chip 2 Advanced Component Analysis Suite System Purifier Long-range Tractor Beam Advanced Recalibrator Supersonic Drone Bay (1/1) Sensor Drone Bay Heavy Assault Rifle Heavy Assault Rifle Improved Assault Rifle Improved Assault Rifle AWS/Gauss 8R-AWN's Boregun Rocket Launcher Datajack Mining Laser Deploy-a-Sentry Peak State ------------ > --- POWER ------------ Cooled Ion Engine > --- PROPULSION ------- Light Treads Light Treads > --- UTILITY ---------- Large Storage Unit High-capacity Storage Unit High-capacity Storage Unit High-capacity Storage Unit > --- WEAPON ----------- Improved Assault Rifle Improved Assault Rifle > --- INVENTORY -------- Makeshift Power Source Improved Treads Combat Antigrav System Medium Storage Unit High-capacity Matter Pod Gravity Neutralizing Apparatus 0b10 Alert Chip Advanced Core Analyzer Improved Armor Integrity Analyzer Advanced Weapon Cycler Advanced Transmission Jammer Improved Light Armor Plating Improved Light Armor Plating EX Chip 1 Hacking Suite Hacking Suite EX Chip 2 Advanced Component Analysis Suite System Purifier Long-range Tractor Beam Advanced Recalibrator Supersonic Drone Bay Sensor Drone Bay EM Pulse Cannon Heavy Assault Rifle Heavy Assault Rifle Improved Assault Rifle AWS/Gauss 8R-AWN's Boregun Rocket Launcher Datajack Mining Laser Deploy-a-Sentry [Rating: 31] Favorites ----------- Power Cooled Ion Engine Engine Cooled Ion Engine Propulsion Improved Treads Treads Improved Treads Leg Aluminum Leg Utility High-capacity Storage Unit Device Recalibrator Storage High-capacity Storage Unit Processor Improved Targeting Computer Protection Improved Light Armor Plating Weapon Heavy Assault Rifle Energy Gun Improved EM Shotgun Energy Cannon EM Pulse Cannon Ballistic Gun Heavy Assault Rifle Launcher Rocket Launcher Special Weapon Mining Laser Special Melee Weapon Datajack Build | -11 -10 -10 -9 -9 -9 -8 ------- Run | Scr Mat Min Mat Min Exi Min Slots Evolved 2 | . . . 2 . . . Power . | . . . . . . . Propulsion . | . . . . . . . Utility 2 | . . . 2 . . . Weapon . | . . . . . . . Parts Attached 85 | 7 13 . 30 3 28 4 Power 6 | 1 1 . 3 . 1 . Engine 6 | 1 1 . 3 . 1 . Core . | . . . . . . . Reactor . | . . . . . . . Propulsion 15 | 2 2 . 5 . 6 . Treads 12 | 2 2 . 5 . 3 . Leg 3 | . . . . . 3 . Wheel . | . . . . . . . Hover . | . . . . . . . Flight . | . . . . . . . Utility 30 | 1 6 . 11 . 12 . Device 5 | . 2 . 3 . . . Storage 13 | 1 4 . 1 . 7 . Processor 1 | . . . . . 1 . Hackware . | . . . . . . . Protection 11 | . . . 7 . 4 . Artifact . | . . . . . . . Weapon 34 | 3 4 . 11 3 9 4 Energy Gun 1 | . . . 1 . . . Energy Cannon 2 | . . . . . 1 1 Ballistic Gun 22 | 3 3 . 9 2 4 1 Ballistic Cannon . | . . . . . . . Launcher 7 | . 1 . . 1 3 2 Special Weapon 1 | . . . 1 . . . Impact Weapon . | . . . . . . . Slashing Weapon . | . . . . . . . Piercing Weapon . | . . . . . . . Special Melee Weapon 1 | . . . . . 1 . Unidentified Prototypes 3 | . . . 3 . . . Parts Lost 5 | . . . 1 . 4 . Power . | . . . . . . . Propulsion 3 | . . . 1 . 2 . Utility 2 | . . . . . 2 . Weapon . | . . . . . . . Highest Loss Streak 2 | . . . 1 . 2 . Average Slot Usage (%) 99 | . 99 100 99 100 98 100 Engine 12 | . 14 14 10 11 11 11 Treads 23 | . 28 28 21 22 19 22 Device 1 | . . . 5 . . . Storage 28 | . 26 28 28 33 26 44 Processor 1 | . . . . . 5 . Protection 7 | . . . 10 11 12 . Ballistic Gun 22 | . 27 28 21 21 14 16 Special Melee Weapon 1 | . . . . . 3 . Naked Turns . | . . . . . . . Heaviest Build 126 | 11 59 59 85 81 126 126 Greatest Support 46 | 40 46 46 46 46 46 40 Greatest Overweight (x) 4 | 2 1 1 2 1 4 3 Average Overweight (x) 1 | . . 1 1 1 1 3 Largest Inventory Capacity 34 | 6 18 18 24 24 34 34 Average Capacity 20 | 5 16 18 21 24 22 34 Most Carried 34 | 5 18 18 24 24 34 34 Average Carried 19 | 4 14 18 21 23 20 34 Final Capacity 34 | 6 18 18 24 24 34 34 Final Carried 34 | 5 18 18 24 24 34 34 Class Distribution -------------------- 55% | Mutant 44% | Hauler-Mutant Dominant Class ---------------- Mutant | -10/Materials Mutant | -10/Mines Hauler-Mutant | -9/Materials Hauler-Mutant | -9/Mines Hauler-Mutant | -9/Exiles Hauler-Mutant | -8/Mines Resources | -11 -10 -10 -9 -9 -9 -8 ----------- Run | Scr Mat Min Mat Min Exi Min Matter Collected 3417 | 370 971 111 891 102 968 4 Remotely . | . . . . . . . Salvage Created 3542 | 179 1031 145 1388 177 546 76 Parts 272 | 25 73 16 77 9 62 10 Haulers Intercepted 5 | . 2 . 3 . . . Recyclers Shooed 2 | . 1 . 1 . . . Parts Field Recycled . | . . . . . . . Retrieved Matter . | . . . . . . . Parts Self-Destructed . | . . . . . . . Prevented . | . . . . . . . Kills | -11 -10 -10 -9 -9 -9 -8 ------- Run | Scr Mat Min Mat Min Exi Min Combat Hostiles Destroyed 63 | . 18 11 24 2 4 4 Guns 54 | . 18 11 24 . 1 . AOE 9 | . . . . 2 3 4 Classes Destroyed 14 | 3 7 . 1 . 3 . Worker 12 | 2 7 . 1 1 . 1 Builder 4 | . 4 . . . . . Tunneler 6 | 5 . . . 1 . . Hauler 5 | . 2 . 3 . . . Recycler 6 | 1 1 . 2 2 . . Mechanic 1 | . 1 . . . . . Operator 4 | . 2 . 2 . . . Turret 1 | . . . . . 1 . Watcher 6 | . 1 . 5 . . . Swarmer 27 | . 6 11 5 2 . 3 Grunt 27 | . 12 . 14 . . 1 Sentry 5 | . . . 5 . . . Zionite 8 | . . . . . 8 . Assembled 3 | . . . . . 3 . Best Kill Streak 11 | 5 4 6 11 3 5 3 Combat Bots Only 6 | . 4 6 6 2 3 3 Max Kills in Single Turn 3 | 1 2 1 1 1 3 3 Gunslinging 1 | . 1 . . . . . Exploded 3 | . . . . 1 3 3 Melee . | . . . . . . . Uniques/NPCs Destroyed 4 | . . . . . 4 . 8R-AWN (-9/Exiles) EX-DEC (-9/Exiles) EX-HEX (-9/Exiles) EX-BIN (-9/Exiles) Combat | -11 -10 -10 -9 -9 -9 -8 -------- Run | Scr Mat Min Mat Min Exi Min Damage Taken 3703 | . 616 175 1260 79 1136 437 Core 514 | . 78 22 205 8 106 95 Absorbed by Shields 59 | . 59 . . . . . Core Remaining (%) 80 | 100 . 60 . . . . Volleys Fired 360 | 17 99 20 106 8 105 5 Largest 2 | 2 2 2 2 2 2 2 Hottest 100 | 40 46 46 100 56 86 86 Shots Fired 677 | 34 197 39 206 16 175 10 Gun 597 | 34 196 39 200 12 111 5 Cannon 50 | . . . . . 48 2 Launcher 24 | . 1 . . 4 16 3 Special 6 | . . . 6 . . . Kinetic 597 | 34 196 39 200 12 111 5 Thermal 6 | . . . 6 . . . Explosive 24 | . 1 . . 4 16 3 Electromagnetic 50 | . . . . . 48 2 Robot Hit Streak 41 | 12 14 16 41 7 21 9 Robot Miss Streak 4 | 2 4 3 3 3 4 1 Penetration Max . | . . . . . . . Secondary Targets 5 | . 3 . 2 . . . Max Gunslinging Chain 1 | . 1 . 1 . . . Shots Hit Robots 487 | 23 138 27 149 9 134 7 Core Hits 188 | 8 49 11 52 7 52 9 Critical Hits 4 | . 1 1 1 . 1 . Critical Kills 2 | . . 1 1 . . . Critical Parts Destroyed 1 | . 1 . . . . . Melee Attacks 4 | . . . . . 4 . Impact . | . . . . . . . Slashing . | . . . . . . . Piercing . | . . . . . . . Sneak Attacks 4 | . . . . . 4 . Combat Hostiles . | . . . . . . . Follow-up Attacks . | . . . . . . . Damage Inflicted 8311 | 254 1943 432 2224 341 2591 526 Guns 6393 | 254 1918 432 2224 127 1393 45 Cannons 466 | . . . . . 446 20 Explosions 1441 | . 20 . . 208 752 461 Melee . | . . . . . . . Ramming 11 | . 5 . . 6 . . Kinetic 6393 | 254 1918 432 2224 127 1393 45 Thermal 282 | . . . . . 231 51 Explosive 1159 | . 20 . . 208 521 410 Electromagnetic 466 | . . . . . 446 20 Impact . | . . . . . . . Slashing . | . . . . . . . Piercing . | . . . . . . . Highest Corruption 2 | . 2 2 . . . . Average Corruption 1 | . 1 2 . . . . Corruption Purged . | . . . . . . . Effects 21 | . 14 7 . . . . Message Errors 6 | . 5 1 . . . . Heat Flow Errors 2 | . . 2 . . . . Energy Discharges 5 | . 4 1 . . . . Data Loss (minor) 2 | . 1 1 . . . . Targeting Errors 5 | . 4 1 . . . . Weapon Failures 1 | . . 1 . . . . Overload Shots . | . . . . . . . Overflow Damage 1 | . . . . . 1 . Projectiles 1 | . . . . . 1 . Explosions . | . . . . . . . Melee . | . . . . . . . Knockbacks . | . . . . . . . Impact . | . . . . . . . Kinetic . | . . . . . . . Secondary . | . . . . . . . Self-Inflicted Damage 196 | . . . . 25 25 146 Shots 7 | . . . . 1 2 4 Rammed 2 | . 1 . . 1 . . Targets Rammed 2 | . 1 . . 1 . . Kicked . | . . . . . . . Crushed . | . . . . . . . Highest Temperature 284 | . 3 135 5 7 284 70 Average Temperature 71 | . 1 62 2 7 93 28 Received Heat Transfer 852 | . 222 . 477 . . 153 Effects 2 | . . . . . 2 . Interference 2 | . . . . . 2 . Siege Activations . | . . . . . . . Robots Corrupted . | . . . . . . . Combat Hostiles . | . . . . . . . Parts Fried 6 | . . . . . 6 . Impact Corruptions . | . . . . . . . Robots Melted . | . . . . . . . Combat Hostiles . | . . . . . . . Parts Melted . | . . . . . . . Heat Transferred 250 | . . . . . 200 50 Parts Sabotaged . | . . . . . . . Parts Stolen . | . . . . . . . Parts Stripped . | . . . . . . . Power Chain Reactions 5 | . . . . . 4 1 Missiles Intercepted . | . . . . . . . Alert | -11 -10 -10 -9 -9 -9 -8 ------- Run | Scr Mat Min Mat Min Exi Min Peak Influence 493 | 40 336 255 493 180 . 234 Initial 170 | . 26 115 40 170 . . Average 209 | 23 205 148 319 80 . 196 Maximum Alert Level 2 | . 1 1 2 . . 1 Low Security (%) 53 | 100 39 90 21 100 . 74 Level 1 36 | . 60 9 47 . . 25 Level 2 10 | . . . 30 . . . Level 3 . | . . . . . . . Level 4 . | . . . . . . . Level 5 . | . . . . . . . High Security . | . . . . . . . Max Security . | . . . . . . . Squads Dispatched 5 | . 4 . 1 . . . Investigation 3 | . 3 . . . . . Extermination . | . . . . . . . Reinforcement 2 | . 1 . 1 . . . Assault . | . . . . . . . Garrison . | . . . . . . . Intercept . | . . . . . . . Construction Impeded . | . . . . . . . Haulers Reinforced . | . . . . . . . Stealth | -11 -10 -10 -9 -9 -9 -8 --------- Run | Scr Mat Min Mat Min Exi Min Distress Signals 5 | . 1 . 4 . . . Communications Jammed . | . . . . . . . Distress Signals . | . . . . . . . Times Spotted 143 | . 37 15 45 2 34 10 Peak Tracking Total 9 | . 4 3 7 2 9 6 Tactical Retreats 18 | . 5 3 5 . 5 . Traps | -11 -10 -10 -9 -9 -9 -8 ------- Run | Scr Mat Min Mat Min Exi Min Traps Triggered 2 | . 2 . . . . . Indirectly . | . . . . . . . Trap Hack Attempts . | . . . . . . . Triggered . | . . . . . . . Disarmed . | . . . . . . . Reprogrammed . | . . . . . . . Reused . | . . . . . . . Traps Extracted . | . . . . . . . Installed . | . . . . . . . Triggered . | . . . . . . . Exploded 3 | . . . . . 3 . Machines | -11 -10 -10 -9 -9 -9 -8 ---------- Run | Scr Mat Min Mat Min Exi Min Machines Disabled 20 | . . . 2 1 11 6 Max in Single Turn 6 | . . . 1 . 1 6 Machines Sabotaged . | . . . . . . . Garrisons Compromised . | . . . . . . . Overloaded Fab Kills . | . . . . . . . Fab Network Shutdowns . | . . . . . . . Hacking | -11 -10 -10 -9 -9 -9 -8 --------- Run | Scr Mat Min Mat Min Exi Min Machines Accessed 26 | . 10 . 13 1 2 . Terminals 16 | . 7 . 9 . . . Fabricators . | . . . . . . . Repair Stations 3 | . 1 . 2 . . . Recycling Units 3 | . 2 . 1 . . . Scanalyzers 1 | . . . 1 . . . Garrison Access . | . . . . . . . Total Hacks 103 | . 52 . 48 1 2 . Successful 58 | . 27 . 28 1 2 . Failed 44 | . 25 . 19 . . . Catastrophic 3 | . 2 . 1 . . . Database Lockouts 1 | . . . 1 . . . Manual 66 | . 38 . 27 . 1 . Terminals 71 | . 37 . 34 . . . Fabricators . | . . . . . . . Repair Stations 11 | . 4 . 7 . . . Recycling Units 16 | . 11 . 5 . . . Scanalyzers 2 | . . . 2 . . . Garrison Access . | . . . . . . . Terminal Hacks 27 | . 13 . 11 1 2 . Record 1 | . . . . . 1 . Part Schematic 2 | . 2 . . . . . Robot Analysis 5 | . 4 . 1 . . . Prototype ID Bank 7 | . 3 . 4 . . . Open Door 1 | . . . . 1 . . Level Access Points 2 | . 1 . 1 . . . Branch Access Points 2 | . 1 . 1 . . . Terminal Index 2 | . 1 . 1 . . . Hauler Manifests 2 | . . . 2 . . . Zone Layout 2 | . 1 . 1 . . . EX-Prototype ID Bank 1 | . . . . . 1 . Fabricator Hacks . | . . . . . . . Repair Station Hacks 9 | . 4 . 5 . . . Scan Component 5 | . 2 . 3 . . . Repair 4 | . 2 . 2 . . . Recycling Unit Hacks 2 | . 1 . 1 . . . Retrieve Components 2 | . 1 . 1 . . . Scanalyzer 2 | . . . 2 . . . Insert Component 1 | . . . 1 . . . Analyze 1 | . . . 1 . . . Garrison Access Hacks . | . . . . . . . Unauthorized Hacks 18 | . 9 . 9 . . . Terminals 13 | . 6 . 7 . . . Track 1 | . . . 1 . . . Assimilate 1 | . . . 1 . . . Botnet 9 | . 5 . 4 . . . Operators 2 | . 1 . 1 . . . Fabricators . | . . . . . . . Repair Stations . | . . . . . . . Recycling Units 5 | . 3 . 2 . . . Reject 1 | . 1 . . . . . Recyclers 1 | . . . 1 . . . Mask 2 | . 1 . 1 . . . Tunnel 1 | . 1 . . . . . Scanalyzers . | . . . . . . . Garrison Access . | . . . . . . . Data Cores Recovered 1 | . . . 1 . . . Used . | . . . . . . . Hacking Detections 22 | . 10 . 12 . . . Full Trace Events 5 | . 2 . 3 . . . Feedback Events . | . . . . . . . Feedback Blocked . | . . . . . . . Robot Schematics Acquired . | . . . . . . . Robots Built . | . . . . . . . Matter . | . . . . . . . Time . | . . . . . . . Total Robot Build Rating . | . . . . . . . Part Schematics Acquired 3 | . 2 . 1 . . . Parts Built . | . . . . . . . Matter . | . . . . . . . Time . | . . . . . . . Total Part Build Rating . | . . . . . . . Parts Repaired 4 | . 2 . 2 . . . Time 128 | . 64 . 64 . . . Parts Recycled . | . . . . . . . Recycled Matter . | . . . . . . . Retrieved Matter . | . . . . . . . Retrieved Components 18 | . 9 . 9 . . . Parts Scanalyzed 1 | . . . 1 . . . Part Schematics Acquired 1 | . . . 1 . . . Parts Damaged . | . . . . . . . Bothacking | -11 -10 -10 -9 -9 -9 -8 ------------ Run | Scr Mat Min Mat Min Exi Min Used RIF Installer . | . . . . . . . Robots Hacked 4 | . . . . . 4 . Non-combat 3 | . . . . . 3 . Combat 1 | . . . . . 1 . Robot Hacks Applied 4 | . . . . . 4 . parse_system 4 | . . . . . 4 . Relay Couplers Released . | . . . . . . . Robots Rewired . | . . . . . . . Allies Hacked . | . . . . . . . Hacks Repelled . | . . . . . . . Allies | -11 -10 -10 -9 -9 -9 -8 -------- Run | Scr Mat Min Mat Min Exi Min Total Allies 6 | . . . 1 5 . . Largest Group 4 | . . . 1 4 4 . Highest-Rated Group 50 | . . . 10 50 50 . Highest-Rated Ally 31 | . . . 10 31 16 . Total Orders 1 | . . . . . 1 . STAY 1 | . . . . . 1 . Ally Attacks 10 | . . . . 4 6 . Total Damage 96 | . . . . 22 74 . Kills 2 | . . . . 1 1 . Allies Corrupted . | . . . . . . . Allies Melted . | . . . . . . . Intel | -11 -10 -10 -9 -9 -9 -8 ------- Run | Scr Mat Min Mat Min Exi Min Robot Analysis Total 5 | . 4 . 1 . . . Derelict Logs Recovered 4 | . . 2 . 2 . . Drone Launches . | . . . . . . . Drone Recoveries . | . . . . . . . Exploration | -11 -10 -10 -9 -9 -9 -8 ------------- Run | Scr Mat Min Mat Min Exi Min Turns Passed 8787 | 186 1908 1016 2263 1086 2285 43 Spaces Moved 3994 | 97 847 531 984 582 942 11 Core 38 | 38 . . . . . . Treads 3883 | 59 847 531 984 582 869 11 Legs 73 | . . . . . 73 . Wheels . | . . . . . . . Hover . | . . . . . . . Flight . | . . . . . . . Fastest Speed 50 | 50 160 180 180 180 180 220 Average Speed 181 | 124 172 180 180 180 196 220 Slowest Speed 240 | 160 180 180 200 180 240 220 Overloaded Moves . | . . . . . . . Propulsion Burnouts . | . . . . . . . Robots Hopped . | . . . . . . . Cave-ins Triggered . | . . . . . . . Exploration Rate (%) 67 | 4 99 91 79 98 90 12 Regions Visited 6 Branch Regions 4 Pre-discovered Areas 2 | . 1 . . . 1 . Known Exits Taken 3 | . 1 1 1 . . . Unknown Exits Taken 3 | 1 . . . 1 1 . Scrap Searched 3 | . . 1 . 2 . . Spaces Dug 13 | . 7 . 2 . 4 . Terrain Destroyed 107 | . 7 . 2 45 18 35 Melee . | . . . . . . . Projectile 2 | . . . 2 . . . AOE 105 | . 7 . . 45 18 35 Terrain Rammed . | . . . . . . . Walls Destroyed . | . . . . . . . Machines Disabled . | . . . . . . . Actions | -11 -10 -10 -9 -9 -9 -8 --------- Run | Scr Mat Min Mat Min Exi Min Total 4898 | 127 1106 552 1268 604 1221 20 Wait 245 | . 98 2 93 6 46 . Move 3988 | 96 846 530 983 581 941 11 Hop . | . . . . . . . Pick Up 110 | 7 28 . 26 2 47 . Fast Attach 19 | 4 2 . 7 . 6 . Attach 19 | 2 1 . 4 . 12 . Detach 10 | . 1 . 2 . 7 . Swap 47 | 1 10 . 19 3 10 4 Drop 94 | . 20 . 28 3 43 . Fire 360 | 17 99 20 106 8 105 5 Melee 4 | . . . . . 4 . Ram . | . . . . . . . Kick . | . . . . . . . Crush 2 | . 1 . . 1 . . Escape Stasis . | . . . . . . . Rewire . | . . . . . . . Trap . | . . . . . . . Miscellaneous . | . . . . . . . Route ------- -11/Scrapyard -10/Materials (discovered 5 exits: *Mat x3 / *Min x2) -10/Mines (discovered 2 exits: *Mat x2) -9/Materials (discovered 5 exits: *Mat x3 / *Min x2) -9/Mines (discovered 3 exits: *Mat x2 / *Exi) -9/Exiles -8/Mines History --------- Turn | Location | Event 12 | -11/Scrapyard | Discovered new exit (range 16) 187 | -11/Scrapyard | Entered Materials 311 | -10/Materials | Build established: Mutant 595 | -10/Materials | Discovered new exit (range 16) 831 | -10/Materials | Discovered new exit (range 16) 1208 | -10/Materials | Discovered new exit (range 12) 1273 | -10/Materials | Discovered new exit (range 15) 1404 | -10/Materials | Repaired Hacking Suite 1431 | -10/Materials | Repaired Assault Rifle 1600 | -10/Materials | Identified exit to Mines 1600 | -10/Materials | Identified exit to Materials 2095 | -10/Materials | Entered Mines 2158 | -10/Mines | A weapon hastily lodged in a ceiling crevice suddenly fell to the ground 2259 | -10/Mines | Learned Materials emergency access door positions 2413 | -10/Mines | Discovered exit to Materials (range 7) 2662 | -10/Mines | Discovered exit to Materials (range 6) 2822 | -10/Mines | Learned Materials trap positions 3111 | -10/Mines | Entered Materials 3111 | -9/Materials | Evolved 2 slots: Utility x2 3112 | -9/Materials | Loaded intel: 28 trap records 3190 | -9/Materials | Met 8R-AWN 3740 | -9/Materials | Discovered new exit (range 12) 3821 | -9/Materials | Repaired Imp. Treads 4119 | -9/Materials | Identified exit to Mines 4241 | -9/Materials | Identified exit to Materials 4323 | -9/Materials | Build established: Hauler-Mutant 4721 | -9/Materials | Repaired Imp. Treads 4894 | -9/Materials | Central database locked down 5108 | -9/Materials | Core integrity fell below 50% 5374 | -9/Materials | Entered Mines 5376 | -9/Mines | Followed 8R-AWN into the Mines 5415 | -9/Mines | Learned location of 1 exit from Materials 5607 | -9/Mines | Received a Rocket Launcher from a helpful Derelict 5729 | -9/Mines | Discovered exit to Materials (range 6) 5805 | -9/Mines | Found the Drone Emporium 5818 | -9/Mines | Found Prototype Device 6152 | -9/Mines | Learned 2 Materials zone layouts 6300 | -9/Mines | Discovered exit to Materials (range 5) 6312 | -9/Mines | Assisted by bots powering up and referring to "LRC-V3" 6448 | -9/Mines | Discovered new exit (range 5) 6460 | -9/Mines | Entered Exiles 6460 | -9/Exiles | Accompanied by 4 allies 6505 | -9/Exiles | Welcomed by 8R-AWN 6540 | -9/Exiles | Met EX-HEX 6673 | -9/Exiles | Met EX-DEC 6729 | -9/Exiles | Learned location of Zion (-6) 6771 | -9/Exiles | Met EX-BIN 6801 | -9/Exiles | Aligned with FarCom system 6803 | -9/Exiles | Given EX-Vault access code 6849 | -9/Exiles | Opened EX-Vault 6859 | -9/Exiles | Found AWS/Gauss 6862 | -9/Exiles | Found Supersonic Drone Bay 6877 | -9/Exiles | Found 0b10 Alert Chip 6922 | -9/Exiles | Warned to stay clear of 0b10 Research branches 7004 | -9/Exiles | Learned about 8R-AWN's background 7267 | -9/Exiles | Discovered new exit (range 14) 7383 | -9/Exiles | Attacked by the Exiles 7599 | -9/Exiles | Destroyed 8R-AWN 7752 | -9/Exiles | Build established: Mutant 8160 | -9/Exiles | Destroyed EX-DEC 8184 | -9/Exiles | Destroyed EX-HEX 8233 | -9/Exiles | Destroyed EX-BIN 8268 | -9/Exiles | Found System Purifier 8348 | -9/Exiles | Found Deploy-a-Sentry 8540 | -9/Exiles | Build established: Hauler-Mutant 8675 | -9/Exiles | Found 8R-AWN's Boregun 8745 | -9/Exiles | Stole four prototypes: 0b10 Alert Chip, Supersonic Drone Bay, AWS/Gauss, Deploy-a-Sentry 8745 | -9/Exiles | Entered Mines 8747 | -8/Mines | Core integrity fell below 20% 8788 | -8/Mines | Destroyed self with Improved Ion Engine chain reaction Last Messages --------------- 08618_ Acquired Imp. Light Armor Plating. 08621_ Acquired Hvy. Assault Rifle. 08624_ Acquired 0b10 Alert Chip. 08629_ Acquired Supersonic Drone Bay. 08633_ Acquired Med. Storage Unit. 08675_ Acquired 8R-AWN's Boregun. 08679_ Acquired Gravity Neutralizing Apparatus. 08688_ Dropped Rocket Launcher. 08688_ Acquired Rocket Launcher. LOCATION=UNKNOWN GOAL=ESCAPE 08746_ S-10 Pest destroyed. 08747_ Plasma Injector explodes. 08754_ Acquired 4 matter. 08755_ The unstable cave ceiling collapses. 08775_ K-01 Serf collects debris. 08777_ K-01 Serf destroyed. 08780_ G-47 Trooper destroyed. 08781_ The unstable cave ceiling collapses. 08788_ Chain reaction triggered in Imp. Ion Engine. Map ----- +----------------------------------------------------+ | ???????????????????????????????????? | | ???????????????????????????????????? | | ???????????????????????????????????? | | ???????????????????????????????????? | | ???????????????????#???????????????? | | ?????????????????? #???????????????? | | ?????????????????? ????????????????? | | ?????????????????? ????????????????? | | ?????????????????? ????????????????? | | ?????????????????? ????????????????? | | ????????????????? ????????????????? | | ????????????????? #????????????????? | | ????????????????? #????????????????? | | ????????????????? #????????????????? | | ??????########### #????????????????? | | ??????#;;;;# # gg##???????????????? | | ?????## % ### #???????????? | | ?????#; #???????????? | | ??????# #???????????????? | | ?????## [ #???????????????? | | ?????#; [ #???????????????? | | ?????#; [ #???????????????? | | ?????## #???????????????? | | ?????## #???????????????? | | ?????# l #???????????????? | | ?????#; @ #???????????????? | | ?????#; #???????????????? | | ?????## #???????????????? | | ?????#; #???????????????? | | ?????#; #???????????????? | | ?????#; #???????????????? | | ?????## #???????????????? | | ??????; #???????????????? | | ?????## #???????????????? | | ??????##;#g# g ###???????????????? | | ???????####? !% ????????????????? | | ???????????? = ???????????????? | | ???????????? ###??????????????? | | ????????????#######????????????????? | | ???????????????????????????????????? | | ???????????????????????????????????? | | ???????????????????????????????????? | | ???????????????????????????????????? | | ???????????????????????????????????? | | ???????????????????????????????????? | | ???????????????????????????????????? | | ???????????????????????????????????? | | ???????????????????????????????????? | | ???????????????????????????????????? | | ???????????????????????????????????? | +----------------------------------------------------+ Best States ------------- Heat Dissipation 28 Energy Generation 14 Energy Capacity 280 Matter Stores 300 Matter Capacity 300 Sight Range 16 Terrain Scan Density 10 Armor Coverage 300 Weapon Shielding 33 Evasion (%) 50 Targeting Accuracy 6 Recoil Reduction 2 Item Schematics ----------------- Hcp. Storage Unit | -10/Materials | Hacked Med. Storage Unit | -10/Materials | Hacked Hacking Suite | -9/Materials | Scanalyzed Robot Schematics ------------------ None Fabricated ------------ Nothing Alien Tech Used ----------------- None Achievements -------------- None Challenges ------------ None Game ------ Seed InsulatedMolecularJammer Manual? 0 Play Time 00:52:48 Cumulative 329.3 hours Start 2021.06.25 @ 17:29:49 End 2021.06.25 @ 18:48:27 Sessions 3 Manual Loads 0 Difficulty Rogue Special Mode None Game No. 286 Rogue 286 Adventurer 0 Explorer 0 Win Type - Total 1 Types 0/0/0/1/0/0/0/0/0 Lore% 68 Gallery% 77 Achievement% 59 Wizard Run 0 Options --------- ASCII 0 Keyboard 1 Movement Numpad Keybinds 0 Fullscreen 1 Font 12/Terminus Map View 83x54 Tactical HUD 1 Map Filters NONE Filters NONE Steam 1 RUN: d2ffdaa6-080d-4df7-b4f5-1a2ee99de84a